 Dungeon Crawl Stone Soup version 0.21-a0-346-g330ab2c (webtiles) character file.

38577 Amnesiac the Geomancer (level 14, -18/106 HPs)
             Began as a Gnoll Earth Elementalist on Oct 5, 2017.
             Was an Elder of Ashenzari.
             Demolished by a saltling (26 damage)
             ... in the Desolation of Salt.
             The game lasted 00:52:17 (15187 turns).

Amnesiac the Geomancer (Gnoll Earth Elementalist)  Turns: 15187, Time: 00:52:18

Health: -18/106    AC: 11    Str: 10    XL:     14   Next: 2%
Magic:  0/28       EV: 26    Int: 21    God:    Ashenzari [****..]
Gold:   4          SH:  7    Dex: 23    Spells: 16/33 levels left

rFire    + + .     SeeInvis +   a - +1 dagger (elec)
rCold    + + +     Gourm    .   F - +0 buckler
rNeg     . . .     Faith    .   N - +4 skin of Zhor {rC+++}
rPois    .         Spirit   +   h - +1 helmet
rElec    .         Reflect  .   x - scarf {rC+ rF+}
rCorr    .         Harm     .   (no gloves)
MR       ++...     Clarity  +   L - +1 pair of boots
Stlth    ++++++....             u - amulet of guardian spirit (curse)
HPRegen  0.27/turn              k - ring of protection from fire (curse)
MPRegen  0.21/turn              V - ring of protection from magic

@: agile
A: distributed training, fangs 1, strong nose
a: Curse Item, Scrying, Renounce Religion


You were in the Desolation of Salt.
You worshipped Ashenzari.
Ashenzari was greatly pleased with you.
You were hungry.

You visited 4 branches of the dungeon, and saw 16 of its levels.
You visited 1 bazaar.
You also visited: Bailey and Desolation.

You collected 2305 gold pieces.
You spent 2301 gold pieces at shops.

Inventory:

Hand Weapons
 a - a +1 dagger of electrocution (weapon)
 b - a +0 blowgun
Missiles
 r - 2 needles of confusion
 H - 289 stones
 S - 31 tomahawks of returning (quivered)
Armour
 h - a +1 helmet (worn)
 x - a scarf of resistance (worn)
 F - a +0 buckler (worn)
 L - a +1 pair of boots (worn)
 N - the +4 skin of Zhor (worn) {rC+++}
   (You bought it in a shop in a bazaar)

   It renders you almost immune to cold.
Jewellery
 k - a cursed ring of protection from fire (left hand)
 u - a cursed amulet of guardian spirit (around neck)
 V - a ring of protection from magic (right hand)
Wands
 y - a wand of digging (4/24)
 z - a wand of scattershot (4/9)
 K - a wand of iceblast (9/15)
 U - a wand of paralysis (13/24)
 Y - a wand of enslavement (15/24)
Scrolls
 c - a scroll of identify {!r}
 f - 3 scrolls of blinking {!r}
 g - 6 scrolls of teleportation {!r}
 j - a scroll of amnesia {!r}
 s - 5 scrolls of magic mapping {!r}
 t - 4 scrolls of enchant armour {!r}
 w - a scroll of recharging {!r}
 D - a scroll of fog {!r}
 E - 3 scrolls of enchant weapon {!r}
 M - 2 scrolls of silence {!r}
 Z - 3 scrolls of acquirement {!r}
Potions
 i - a potion of brilliance {!q}
 l - 2 potions of lignification {!q}
 m - 7 potions of heal wounds {!q}
 p - 2 potions of ambrosia {!q, unknown}
 v - 3 potions of agility {!q}
 A - 3 potions of haste {!q}
 B - 6 potions of curing {!q}
 I - 3 potions of cancellation {!q}
 P - 4 potions of degeneration {!q}
 R - 3 potions of magic {!q}
 W - 2 potions of mutation {!q}
Books
 e - a book of Geomancy

   Spells                             Type                      Level
   a - Sandblast                      Earth                        1
   b - Passwall                       Transmutation/Earth          2
   c - Stone Arrow                    Conjuration/Earth            3
   d - Petrify                        Transmutation/Earth          4
   e - Lee's Rapid Deconstruction     Earth                        5
 O - a book of Cantrips

   Spells                             Type                      Level
   a - Confusing Touch                Hexes                        1
   b - Animate Skeleton               Necromancy                   1
   c - Summon Small Mammal            Summoning                    1
   d - Apportation                    Translocation                1
 T - the Reference Book on Unholy Rites
   (You found it on level 1 of the Elven Halls)

   Spells                             Type                      Level
   a - Animate Skeleton               Necromancy                   1
   b - Pain                           Necromancy                   1
   c - Vampiric Draining              Necromancy                   3
   d - Animate Dead                   Necromancy                   4
   e - Bolt of Draining               Conjuration/Necromancy       5
Comestibles
 d - 8 bread rations
 o - 7 fruits
 q - 7 meat rations
 J - 3 royal jellies


   Skills:
 + Level 8.7 Fighting
 + Level 8.7 Short Blades
 + Level 8.7 Long Blades
 + Level 8.7 Axes
 + Level 8.7 Maces & Flails
 + Level 8.7 Polearms
 + Level 8.7 Staves
 + Level 8.7 Slings
 + Level 8.7 Bows
 + Level 8.7 Crossbows
 + Level 8.7 Throwing
 + Level 8.7 Armour
 + Level 9.8 Dodging
 + Level 9.6 Stealth
 + Level 8.7 Shields
 + Level 8.7 Unarmed Combat
 + Level 10.0 Spellcasting
 + Level 8.7(10.9) Conjurations
 + Level 8.7(10.9) Hexes
 + Level 8.7(10.9) Charms
 + Level 8.7(10.9) Summonings
 + Level 8.7(10.9) Necromancy
 + Level 8.7(10.9) Translocations
 + Level 9.1(11.3) Transmutations
 + Level 8.7(10.9) Fire Magic
 + Level 8.7(10.9) Ice Magic
 + Level 8.7(10.9) Air Magic
 + Level 10.8(12.8) Earth Magic
 + Level 8.7(10.9) Poison Magic
 + Level 8.7 Invocations
 + Level 8.7(10.9) Evocations


You had 16 spell levels left.
You knew the following spells:

 Your Spells              Type           Power        Failure   Level  Hunger
a - Stone Arrow           Conj/Erth      ######       1%          3    None
b - Passwall              Tmut/Erth      ######....   1%          2    None
c - Confusing Touch       Hex            ######       1%          1    None
d - Lee's Rapid Deconstr  Erth           ######....   1%          5    ####...
e - Petrify               Tmut/Erth      ######..     1%          4    ##.....
q - Sandblast             Erth           ######       1%          1    None
w - Animate Skeleton      Necr           N/A          1%          1    None


Dungeon Overview and Level Annotations

Branches:
Dungeon (11/15)            Temple (1/1) D:4            Lair (0/6) D:10
    Orc (2/2) D:11            Elf (2/3) Orc:2

Altars:
Ashenzari
Cheibriados
Dithmenos
Elyvilon
Fedhas
Gozag
Hepliaklqana
Kikubaaqudgha
Makhleb
Nemelex Xobeh
Qazlal
Ru
Sif Muna
Trog
Uskayaw
Vehumet
Beogh

Shops:
D:8 *   Orc:2 :[(*:   Elf:2 }


Innate Abilities, Weirdness & Mutations

Your experience applies equally to all skills.
You have very sharp teeth.
Your uncanny sense of smell can sniff out nearby items.


Message History

Casting: Stone Arrow
Confirm with . or Enter, or press ? or * to list all spells.
Aiming: Stone Arrow
Press: ? - help, Shift-Dir - straight line, f/p - saltling
Aim: a saltling (almost destroyed)
The stone arrow hits the saltling.
You destroy the saltling!
You see here a guardian serpent corpse.
You start resting.
You start resting.
HP restored.
You start resting.
Magic restored.
Casting: Stone Arrow
Confirm with . or Enter, or press ? or * to list all spells.
Which direction?
You begin to meditate on the wall.
You continue meditating on the rock. x2
You finish merging with the rock.
A saltling and a peacekeeper come into view.
The peacekeeper roars! x2
The peacekeeper bites you! The peacekeeper completely misses you.
The peacekeeper roars a battlecry!
The golems go into a battle-frenzy!
Press: ? - help, v - describe, . - travel
Here: a peacekeeper (unusually strong)
The floor.
You block the peacekeeper's attack. The peacekeeper claws you.
The peacekeeper roars a battlecry!
Press: ? - help, v - describe, . - travel
Here: a peacekeeper (unusually strong)
The floor.
Really quaff
v - 4 potions of agility {!q}?
You feel agile all of a sudden. The peacekeeper bites you!
The peacekeeper misses you.
The peacekeeper roars a battlecry!
The peacekeeper goes into a battle-frenzy!
Casting: Passwall
Confirm with . or Enter, or press ? or * to list all spells.
Aiming: Stone Arrow
Press: ? - help, Shift-Dir - straight line, f - peacekeeper
Aim: a peacekeeper (unusually strong)
The stone arrow hits the peacekeeper.
The peacekeeper is moderately damaged.
You block the peacekeeper's attack. The peacekeeper closely misses you.
A saltling comes into view.
Casting: Stone Arrow
Confirm with . or Enter, or press ? or * to list all spells.
Okay, then.
The peacekeeper bites you!! The peacekeeper completely misses you.
Casting: Stone Arrow
Confirm with . or Enter, or press ? or * to list all spells.
Aiming: Stone Arrow
Press: ? - help, Shift-Dir - straight line, f/p - peacekeeper
Aim: a peacekeeper (moderately damaged, unusually strong)
The stone arrow hits the peacekeeper.
The peacekeeper is moderately damaged.
The saltling closely misses you. The peacekeeper bites you!
* * * LOW HITPOINT WARNING * * *
The peacekeeper completely misses you. The peacekeeper bites you!!
* * * LOW HITPOINT WARNING * * *
The peacekeeper claws you!!
* * * LOW HITPOINT WARNING * * *
The saltling hits you!!
You die...

, §§§8........................ ,,
§§§........................ ,, ,
§§§§8..........#...........#
,§§§§§..8.....................
,,§§.§........................
,§§§§§§§.§.......................
§§§§§§§§.§.......§...............
§§§.§§§§§.##...88§§§§............
§.§§.§.§......§8@.§§§§§.#.......
.§..§..§......§§§§§§§§..........
§§............§§§§§§.§......,
................§§§.§§...... ,, ,
...............§§§§§.... ... , ,
...............§§§§§§§§.§§... ,,
.............§..§§§§§.§§.,§.., ,
.............).§§§§§§§§.§....
...............§§§.§§§§§§...., ,


You could see 2 peacekeepers and 3 saltlings.

Vanquished Creatures
  2 orc warlords
  A deep elf death mage (Elf:1)
  Snorg (D:10)
  A deep elf high priest (Elf:2)
  A servant of whispers (Desolation)
  A hydra (D:11)
  A peacekeeper (Desolation)
  The ghost of Amnesiac the Frost Mage, a journeyman GnIE of Ashenzari (Orc:2)
  3 two-headed ogres
  6 dancing weapons
  2 orc high priests
  3 deep elf knights
  2 deep elf archers (Elf:1)
  3 necromancers (Elf:1)
  3 orc knights (Orc:2)
  7 deep elf magi
  3 orc sorcerers (Orc:2)
  Joseph (D:7)
  Maurice (Orc:1)
  A guardian serpent (Desolation)
  A troll (D:10)
  Prince Ribbit (D:6)
  A hornet (D:10)
  2 hippogriffs
  9 saltlings (Desolation)
  4 air elementals (Elf:1)
  A large abomination (Elf:1)
  A wraith (D:10)
  A water elemental (Elf:1)
  4 yaks (D:9)
  2 wyverns
  3 wargs
  An acid dragon (D:11)
  2 hell hounds (D:10)
  4 phantoms
  3 sky beasts
  29 orc warriors
  3 ice beasts
  A black bear (D:10)
  8 ogres
  5 centaurs
  A crocodile (D:8)
  A big kobold (D:7)
  2 elf zombies (Elf:1)
  2 bullfrogs
  A water moccasin zombie (D:11)
  3 scorpions
  8 killer bees
  3 wights (D:9)
  A howler monkey (D:4)
  6 crimson imps
  A quasit (D:5)
  A bullfrog zombie (D:9)
  A jelly (D:8)
  7 hounds
  2 bullfrog skeletons
  15 orc priests
  5 centaur skeletons
  3 iguanas
  24 orc wizards
  9 worker ants
  A hound zombie (D:6)
  3 hound skeletons
  A worker ant zombie (D:8)
  5 gnolls
  A howler monkey skeleton (D:10)
  11 adders
  4 shadow imps
  An ooze (D:6)
  2 adder skeletons
  4 worms
  A dart slug (D:4)
  3 leopard geckos
  71 orcs
  8 bats
  4 giant cockroaches
  13 goblins
  10 hobgoblins
  12 jackals
  7 quokkas
  A ball python (D:3)
  6 frilled lizards
  21 kobolds
  A leopard gecko zombie (D:5)
  A quokka skeleton (D:9)
  8 rats
426 creatures vanquished.

Notes
Turn   | Place    | Note
-------+----------+-------------------------------------------
     0 | D:1      | Amnesiac the Gnoll Earth Elementalist began the quest for the Orb.
     0 | D:1      | Reached XP level 1. HP: 13/13 MP: 6/6
    46 | D:2      | You fall through a shaft!
    88 | D:3      | Reached XP level 2. HP: 20/20 MP: 1/7
   175 | D:3      | Reached skill level 5 in Spellcasting
   175 | D:3      | Reached XP level 3. HP: 25/25 MP: 5/9
   181 | D:3      | Learned a level 2 spell: Passwall
   225 | D:3      | Reached skill level 1 in Fighting
   225 | D:3      | Reached skill level 1 in Short Blades
   225 | D:3      | Reached skill level 1 in Long Blades
   225 | D:3      | Reached skill level 1 in Axes
   225 | D:3      | Reached skill level 1 in Maces & Flails
   225 | D:3      | Reached skill level 1 in Polearms
   225 | D:3      | Reached skill level 1 in Staves
   225 | D:3      | Reached skill level 1 in Slings
   225 | D:3      | Reached skill level 1 in Bows
   225 | D:3      | Reached skill level 1 in Crossbows
   225 | D:3      | Reached skill level 1 in Throwing
   225 | D:3      | Reached skill level 1 in Armour
   225 | D:3      | Reached skill level 1 in Shields
   225 | D:3      | Reached skill level 1 in Unarmed Combat
   225 | D:3      | Reached skill level 1 in Conjurations
   225 | D:3      | Reached skill level 1 in Hexes
   225 | D:3      | Reached skill level 1 in Charms
   225 | D:3      | Reached skill level 1 in Summonings
   225 | D:3      | Reached skill level 1 in Necromancy
   225 | D:3      | Reached skill level 1 in Translocations
   225 | D:3      | Reached skill level 1 in Fire Magic
   225 | D:3      | Reached skill level 1 in Ice Magic
   225 | D:3      | Reached skill level 1 in Air Magic
   225 | D:3      | Reached skill level 1 in Poison Magic
   225 | D:3      | Reached skill level 1 in Invocations
   225 | D:3      | Reached skill level 1 in Evocations
   225 | D:3      | Reached XP level 4. HP: 32/32 MP: 8/11
   234 | D:3      | Learned a level 4 spell: Petrify
   353 | D:4      | Reached XP level 5. HP: 24/37 MP: 1/12
   378 | D:4      | Found a staircase to the Ecumenical Temple.
   385 | D:4      | Learned a level 5 spell: Lee's Rapid Deconstruction
   411 | Temple   | Entered the Ecumenical Temple
   435 | Temple   | Became a worshipper of Ashenzari the Shackled
  1578 | D:2      | Found a deep blue altar of Sif Muna.
  1701 | D:2      | Found a stormy altar of Qazlal.
  1935 | D:2      | Reached * piety under Ashenzari
  2215 | D:2      | You fall through a shaft for 2 floors!
  2403 | D:4      | Reached XP level 6. HP: 11/44 MP: 0/13
  2449 | D:4      | Noticed a phantom
  2631 | D:4      | Killed a phantom
  2631 | D:4      | Reached skill level 5 in Dodging
  3482 | D:5      | Entered Level 5 of the Dungeon
  3490 | D:5      | Reached XP level 7. HP: 50/50 MP: 11/15
  3779 | D:5      | Reached skill level 5 in Stealth
  4032 | D:5      | Reached XP level 8. HP: 57/57 MP: 13/16
  4706 | D:6      | Noticed Prince Ribbit
  4719 | D:6      | Killed Prince Ribbit
  4969 | D:6      | Reached XP level 9. HP: 65/65 MP: 7/18
  5217 | D:7      | Identified the amulet "Huinach" {Gourm Str+3}
  5285 | D:7      | Found a sparkling altar of Nemelex Xobeh.
  5285 | D:7      | Found a radiant altar of Vehumet.
  5290 | D:7      | Found an ancient bone altar of Kikubaaqudgha.
  5294 | D:7      | Found a faded altar of an unknown god.
  5297 | D:7      | Found a faded altar of an unknown god.
  5352 | D:7      | Noticed Joseph
  5380 | D:7      | Killed Joseph
  5413 | D:7      | Reached skill level 5 in Transmutations
  5644 | D:7      | Found a blossoming altar of Fedhas.
  5977 | D:8      | Reached XP level 10. HP: 69/73 MP: 15/20
  6065 | D:8      | Noticed a two-headed ogre
  6103 | D:8      | Killed a two-headed ogre
  6103 | D:8      | Reached skill level 5 in Fighting
  6103 | D:8      | Reached skill level 5 in Short Blades
  6103 | D:8      | Reached skill level 5 in Long Blades
  6103 | D:8      | Reached skill level 5 in Axes
  6103 | D:8      | Reached skill level 5 in Maces & Flails
  6103 | D:8      | Reached skill level 5 in Polearms
  6103 | D:8      | Reached skill level 5 in Staves
  6103 | D:8      | Reached skill level 5 in Slings
  6103 | D:8      | Reached skill level 5 in Bows
  6103 | D:8      | Reached skill level 5 in Crossbows
  6103 | D:8      | Reached skill level 5 in Throwing
  6103 | D:8      | Reached skill level 5 in Armour
  6103 | D:8      | Reached skill level 5 in Shields
  6103 | D:8      | Reached skill level 5 in Unarmed Combat
  6103 | D:8      | Reached skill level 5 in Conjurations
  6103 | D:8      | Reached skill level 5 in Hexes
  6103 | D:8      | Reached skill level 5 in Charms
  6103 | D:8      | Reached skill level 5 in Summonings
  6103 | D:8      | Reached skill level 5 in Necromancy
  6103 | D:8      | Reached skill level 5 in Translocations
  6103 | D:8      | Reached skill level 5 in Fire Magic
  6103 | D:8      | Reached skill level 5 in Ice Magic
  6103 | D:8      | Reached skill level 5 in Air Magic
  6103 | D:8      | Reached skill level 5 in Poison Magic
  6103 | D:8      | Reached skill level 5 in Invocations
  6103 | D:8      | Reached skill level 5 in Evocations
  6139 | D:8      | Noticed a two-headed ogre
  6148 | D:8      | Killed a two-headed ogre
  6348 | D:8      | Found Totwessi's General Store.
  6364 | D:8      | Bought a scroll of magic mapping for 45 gold pieces
  6364 | D:8      | Bought a potion of heal wounds for 65 gold pieces
  6364 | D:8      | Bought a potion of curing for 39 gold pieces
  6364 | D:8      | Bought a scroll of blinking for 97 gold pieces
  6615 | D:9      | Found a bloodstained altar of Trog.
  6723 | D:9      | Found a flagged portal.
  6733 | Bailey   | Entered a bailey
  6738 | Bailey   | Noticed an orc warlord
  6873 | Bailey   | Found a runed gate.
  6875 | Bailey   | Found a runed gate.
  6876 | Bailey   | Found a runed gate.
  6936 | Bailey   | Reached ** piety under Ashenzari
  7043 | Bailey   | Killed an orc warlord
  7043 | Bailey   | Reached XP level 11. HP: 81/81 MP: 7/22
  7251 | D:9      | Found a snail-covered altar of Cheibriados.
  7432 | D:9      | Found a sacrificial altar of Ru.
  7434 | D:9      | Found a burning altar of Makhleb.
  7434 | D:9      | Found a hide-covered altar of Uskayaw.
  7439 | D:9      | Found a white marble altar of Elyvilon.
  7472 | D:10     | Entered Level 10 of the Dungeon
  7472 | D:10     | Found a staircase to the Lair.
  7836 | D:10     | Noticed a two-headed ogre
  8074 | D:10     | Noticed Snorg
  8152 | D:10     | Killed Snorg
  8156 | D:10     | Killed a two-headed ogre
  8924 | D:11     | Noticed a five-headed hydra
  8935 | D:11     | Killed a five-headed hydra
  9226 | D:11     | Found a staircase to the Orcish Mines.
  9276 | D:11     | Learned a level 1 spell: Animate Skeleton
  9278 | D:11     | Learned a level 1 spell: Confusing Touch
  9354 | D:11     | Reached XP level 12. HP: 89/89 MP: 9/24
  9944 | Orc:1    | Entered Level 1 of the Orcish Mines
 10108 | Orc:1    | Reached *** piety under Ashenzari
 10218 | Orc:2    | Entered Level 2 of the Orcish Mines
 10343 | Orc:1    | Noticed an orc high priest
 10344 | Orc:1    | Killed an orc high priest
 10485 | Orc:1    | Noticed Maurice
 10501 | Orc:1    | Killed Maurice
 11101 | Orc:2    | Found a staircase to the Elven Halls.
 11148 | Orc:2    | Found Untet's Book Emporium.
 11204 | Orc:2    | Noticed Amnesiac's ghost (journeyman GnIE)
 11218 | Orc:2    | Killed Amnesiac's ghost
 11371 | Orc:2    | Noticed an orc warlord
 11647 | Orc:2    | Killed an orc warlord
 11819 | Orc:2    | Noticed an orc high priest
 11832 | Orc:2    | Killed an orc high priest
 12087 | Orc:2    | Reached skill level 10 in Earth Magic
 12149 | Orc:2    | Found a roughly hewn altar of Beogh.
 12438 | Orc:2    | Found Naunisiu's Antique Armour Boutique.
 12456 | Orc:2    | Found Sacet's Book Boutique.
 12525 | Orc:2    | Found Tolop's General Store.
 12603 | Orc:2    | Found Coaxt's Antique Weapon Boutique.
 12833 | Elf:1    | Entered Level 1 of the Elven Halls
 12873 | Elf:1    | Reached XP level 13. HP: 98/98 MP: 23/26
 13573 | Elf:1    | Noticed a deep elf death mage
 13575 | Elf:1    | Killed a deep elf death mage
 13606 | Elf:1    | Identified the Reference Book on Unholy Rites
 13859 | Elf:1    | Got the longbow "Yxtiuf" {velocity, Fragile rElec Str+2 Dex+4}
 13865 | Elf:1    | Identified the +7 longbow "Yxtiuf" {velocity, Fragile rElec Str+2 Dex+4} (You found it on level 1 of the Elven Halls)
 14209 | Elf:1    | Reached **** piety under Ashenzari
 14390 | Elf:2    | Found Vicw's Gadget Boutique.
 14399 | Elf:2    | Noticed a servant of whispers
 14403 | Elf:2    | Found a ruined gateway.
 14406 | Elf:2    | Noticed a ragged hierophant
 14488 | Elf:2    | Found a flickering gateway to a bazaar.
 14492 | Bazaar   | Entered a bazaar
 14493 | Bazaar   | Found Inosh's Jewellery Emporium.
 14500 | Bazaar   | Found Rakhuil's Antique Armour Shoppe.
 14509 | Bazaar   | Bought a pair of embroidered boots for 165 gold pieces
 14522 | Bazaar   | Bought the +4 skin of Zhor {rC+++} for 1370 gold pieces
 14522 | Bazaar   | Found the +4 skin of Zhor {rC+++}
 14522 | Bazaar   | Bought a bloodstained leather armour for 154 gold pieces
 14535 | Bazaar   | Identified the +1 leather armour of the Greedy {rC- Str+9 Dex+2 Stlth+} (You bought it in a shop in a bazaar)
 14548 | Bazaar   | Found Huqu's Weapon Shop.
 14553 | Bazaar   | Found Biakaymm's Magic Scroll Emporium.
 14561 | Bazaar   | Identified 3 scrolls of acquirement {!r}
 14575 | Bazaar   | Bought a scroll of identify for 22 gold pieces
 14575 | Bazaar   | Bought a scroll of identify for 22 gold pieces
 14575 | Bazaar   | Bought a scroll of identify for 22 gold pieces
 14575 | Bazaar   | Bought a scroll of identify for 22 gold pieces
 14575 | Bazaar   | Bought a scroll of identify for 22 gold pieces
 14575 | Bazaar   | Bought a scroll of teleportation for 33 gold pieces
 14575 | Bazaar   | Bought a scroll of teleportation for 33 gold pieces
 14581 | Bazaar   | Bought a scroll of enchant weapon for 82 gold pieces
 14588 | Bazaar   | Found Saicsix's Distillery.
 14594 | Bazaar   | Bought a potion of heal wounds for 60 gold pieces
 14594 | Bazaar   | Bought a potion of brilliance for 48 gold pieces
 14608 | Elf:2    | Noticed a deep elf high priest
 14616 | Elf:2    | Killed a deep elf high priest
 14643 | Desolati | Entered the Desolation of Salt
 14811 | Desolati | Noticed a ragged hierophant
 14827 | Desolati | Noticed a servant of whispers
 14838 | Desolati | Killed a servant of whispers
 14862 | Desolati | Learned a level 3 spell: Stone Arrow
 15052 | Desolati | Reached skill level 10 in Spellcasting
 15095 | Desolati | Reached XP level 14. HP: 106/106 MP: 24/28
 15187 | Desolati | Demolished by a saltling

Vault maps used:
D:1:      dpeg_arrival_connections
D:2:      grunt_qazlal_sundering, marbit_many_paths, minmay_pentomino_w2
D:3:      first_bread
D:4:      temple_pool_b
D:6:      uniq_prince_ribbit1
D:7:      lemuel_doored_altar, chequers_temple_overflow_minitemple, uniq_joseph
D:8:      serial_shops, nicolae_shop_window_shopping
D:9:      lemuel_round_altar, minitemple, overflow_temple_1_default,
          enter_bailey_3
D:10:     minmay_lair_entry_lava, uniq_snorg
D:11:     david_orc_3
Temple:   dpeg_chambers_temple
Orc:1:    minmay_goldmine, uniq_maurice
Orc:2:    grunt_orc_cross, serial_shops, nicolae_shop_behind_doors
Elf:1:    minmay_elf_necromancy, item_on_display_a
Elf:2:    portal_desolation_entry_salt, serial_shops, bzr_entry_road,
          nicolae_shop_trees, minmay_shop_grove
Bazaar:   bazaar_kb_twisted_cavern
Bailey:   bailey_axe_bossmonster_kennysheep, bailey

Skill      XL: |  1  2  3  4  5  6  7  8  9 10 11 12 13 |
---------------+----------------------------------------+-----
Spellcasting   | 5 6 7 8 9 10 | 10.0
Fighting       | 1 2 3 4 5 6 7 8 |  8.7
Short Blades   | 1 2 3 4 5 6 7 8 |  8.7
Long Blades    | 1 2 3 4 5 6 7 8 |  8.7
Axes           | 1 2 3 4 5 6 7 8 |  8.7
Maces & Flails | 1 2 3 4 5 6 7 8 |  8.7
Polearms       | 1 2 3 4 5 6 7 8 |  8.7
Staves         | 1 2 3 4 5 6 7 8 |  8.7
Slings         | 1 2 3 4 5 6 7 8 |  8.7
Bows           | 1 2 3 4 5 6 7 8 |  8.7
Crossbows      | 1 2 3 4 5 6 7 8 |  8.7
Throwing       | 1 2 3 4 5 6 7 8 |  8.7
Armour         | 1 2 3 4 5 6 7 8 |  8.7
Shields        | 1 2 3 4 5 6 7 8 |  8.7
Unarmed Combat | 1 2 3 4 5 6 7 8 |  8.7
Conjurations   | 1 2 3 4 5 6 7 8 |  8.7
Hexes          | 1 2 3 4 5 6 7 8 |  8.7
Charms         | 1 2 3 4 5 6 7 8 |  8.7
Summonings     | 1 2 3 4 5 6 7 8 |  8.7
Necromancy     | 1 2 3 4 5 6 7 8 |  8.7
Translocations | 1 2 3 4 5 6 7 8 |  8.7
Fire Magic     | 1 2 3 4 5 6 7 8 |  8.7
Ice Magic      | 1 2 3 4 5 6 7 8 |  8.7
Air Magic      | 1 2 3 4 5 6 7 8 |  8.7
Poison Magic   | 1 2 3 4 5 6 7 8 |  8.7
Invocations    | 1 2 3 4 5 6 7 8 |  8.7
Evocations     | 1 2 3 4 5 6 7 8 |  8.7
Transmutations | 3 4 5 6 7 8 9 |  9.1
Dodging        | 5 6 7 8 9 |  9.8
Earth Magic    | 7 8 9 10 | 10.8
Stealth        | 5 6 7 8 9 |  9.6

Action                   |  1- 3 |  4- 6 |  7- 9 | 10-12 | 13-15 || total
-------------------------+-------+-------+-------+-------+-------++-------
Melee: Unarmed           |     2 |       |       |     1 |     2 ||     5
       Dagger            |       |   132 |   239 |   586 |   102 ||  1059
       Bite              |       |    16 |    28 |    67 |    10 ||   121
       Punch             |       |     2 |       |       |       ||     2
 Fire: Longbow           |       |       |       |       |     5 ||     5
Throw: Tomahawk          |       |       |       |    12 |       ||    12
 Cast: Sandblast         |    11 |    41 |    17 |    15 |    25 ||   109
       Petrify           |       |     6 |    28 |   100 |    12 ||   146
       Passwall          |       |     5 |    23 |    49 |    24 ||   101
       Lee's Rapid Decon |       |       |     3 |    33 |     6 ||    42
       Confusing Touch   |       |       |       |     1 |     2 ||     3
       Stone Arrow       |       |       |       |       |     8 ||     8
Invok: Curse Item        |       |       |       |     2 |       ||     2
Evoke: Wand              |       |       |       |     2 |       ||     2
  Use: Scroll            |       |       |       |       |    20 ||    20
       Potion            |       |       |       |       |     3 ||     3
 Stab: Petrified         |       |     8 |    25 |    70 |    13 ||   116
       Sleeping          |       |    12 |    16 |    33 |    18 ||    79
       Petrifying        |       |     2 |     6 |    13 |       ||    21
       Distracted        |       |       |       |     1 |       ||     1
       Confused          |       |       |       |     1 |     1 ||     2
  Eat: Chunk             |       |     7 |    14 |    37 |     9 ||    67
       Fruit             |       |       |     1 |       |       ||     1
Armor: Robe              |       |    22 |    35 |    58 |    10 ||   125
       Animal skin       |       |       |       |       |     5 ||     5
Dodge: Dodged            |     4 |    84 |   125 |   335 |    77 ||   625
Block: Buckler           |       |       |    24 |   128 |    30 ||   182

Table legend:
 A = Spawn XP
 B = Non-spawn XP
 C = Spawn XP percentage of total XP
 D = Spawn monster count
 E = Non-spawn monster count
 F = Spawn count percentage of total count
 G = Total turns spent on level
                    A         B        C        D         E        F      G
               +---------+---------+-------+---------+---------+-------+---------
         Total |       0 |   55111 |   0.0 |       0 |     426 |   0.0 | 15187
               +---------+---------+-------+---------+---------+-------+---------
           D:1 |       0 |      32 |   0.0 |       0 |      21 |   0.0 |   720
           D:2 |       0 |      28 |   0.0 |       0 |      14 |   0.0 |  1028
           D:3 |       0 |     118 |   0.0 |       0 |      21 |   0.0 |   526
           D:4 |       0 |     423 |   0.0 |       0 |      15 |   0.0 |  1162
           D:5 |       0 |     602 |   0.0 |       0 |      19 |   0.0 |   716
           D:6 |       0 |    1391 |   0.0 |       0 |      28 |   0.0 |   936
           D:7 |       0 |    1462 |   0.0 |       0 |      27 |   0.0 |   633
           D:8 |       0 |    2595 |   0.0 |       0 |      15 |   0.0 |   673
           D:9 |       0 |    2808 |   0.0 |       0 |      45 |   0.0 |   643
          D:10 |       0 |    5419 |   0.0 |       0 |      40 |   0.0 |  1776
          D:11 |       0 |    2397 |   0.0 |       0 |      27 |   0.0 |   696
         Orc:1 |       0 |    2561 |   0.0 |       0 |      34 |   0.0 |  1093
         Orc:2 |       0 |    9787 |   0.0 |       0 |      50 |   0.0 |  1796
         Elf:1 |       0 |   15452 |   0.0 |       0 |      27 |   0.0 |  1513
         Elf:2 |       0 |    3286 |   0.0 |       0 |       4 |   0.0 |   186
        Bailey |       0 |    1940 |   0.0 |       0 |      27 |   0.0 |   389
    Desolation |       0 |    4810 |   0.0 |       0 |      12 |   0.0 |   544
               +---------+---------+-------+---------+---------+-------+---------
